Map: Proxima Station LE

Players

Thalandros

  • Race: Zerg Zerg
  • League: Master
  • Spawn Location: 1:00

Viniar (ArT) - Winner!

  • Race: Zerg Zerg
  • League: Master
  • Spawn Location: 7:00

Event: IEM XI Katowice - World Championship 2017

VOD

Have the link to the VOD?

Description

Time

  • Played on: Feb. 28, 2017, 7:59 a.m.
  • Length: 3:05
Show
View Real Time Build Order
Export as new Build Order

Thalandros Zerg 

Build Orders: Hatch First 

Get SALT Encoding   

  12  0:01  Drone  
  13  0:14  Overlord  
  13  0:18  Drone  
  14  0:32  Drone x2  
  16  0:36  Drone  
  17  0:55  Hatchery  
  16  0:57  Drone  
  16  0:59  Drone  
  16  1:03  Extractor  
  17  1:10  Drone  
  18  1:20  Spawning Pool  
  18  1:21  Drone  
  18  1:30  Drone  
  19  1:45  Overlord  
  19  2:07  Queen x2  
  23  2:08  Zergling x2  
  23  2:09  Zergling x2  
  23  2:14  Drone x2  
  27  2:24  Baneling Nest  
  27  2:25  Zergling x2  
  27  2:28  Zergling x2  
  28  2:34  Zergling x2  
Show
View Real Time Build Order
Export as new Build Order

Viniar Zerg - Winner!

Build Orders: Pool Only 

Get SALT Encoding   

  12  0:01  Drone  
  13  0:09  Drone  
  13  0:12  Extractor  
  13  0:17  Drone  
  14  0:34  Spawning Pool  
  13  0:37  Drone  
  14  0:48  Overlord  
  14  1:20  Metabolic Boost  
  14  1:21  Zergling x4  
  14  1:22  Zergling x2  
  17  1:33  Zergling x2, Baneling Nest  
  17  1:41  Queen  
  17  1:46  Zergling x2  
  20  1:56  Zergling x2  
  21  2:05  Overlord  
  21  2:18  Baneling x2  
  21  2:21  Zergling x2  
  22  2:30  Zergling x2  

Tags
 
Add a new tag
Caveats
  • Supply blocks, unpowered buildings, or Contaminate may cause inaccurate times.
  • Supply counts are checked every 10 seconds.